 Dungeon Crawl Stone Soup version 0.32-a0-18-g89e19f1974 (webtiles) character file.

Game seed: 4810061448624853359

546 p00ps00p the Trooper (level 7, -6/62 HPs)
             Began as a Hill Orc Fighter on Jan 17, 2024.
             Was an Initiate of Gozag.
             Killed from afar by an electric eel (14 damage)
             ... with a bolt of electricity
             ... on level 3 of the Dungeon.
             The game lasted 00:03:29 (2309 turns).

p00ps00p the Trooper (Hill Orc Fighter)             Turns: 2309, Time: 00:03:30

Health: -6/62      AC: 13    Str: 21    XL:     7   Next: 28%
Magic:  7/7        EV:  8    Int:  8    God:    Gozag
Gold:   161        SH:  6    Dex: 10    Spells: 6/6 levels left

rFire   . . .        a - +0 war axe (venom)
rCold   . . .        c - +1 buckler
rNeg    . . .        m - +0 chain mail
rPois   .            (no helmet)
rElec   .            (no cloak)
rCorr   .            p - +1 pair of gloves
SInv    .            k - +0 pair of boots
Will    .....        (no amulet) Stlth
                     (no ring)
HPRegen 0.30/turn    (no ring)
MPRegen 0.10/turn

%: no passive effects
@: gold aura, very slow
A: no striking features
a: Renounce Religion, Potion Petition, Call Merchant, Bribe Branch


You were on level 3 of the Dungeon.
You worshipped Gozag.
Gozag was aware of your devotion.
You visited 1 branch of the dungeon, and saw 3 of its levels.

You collected 181 gold pieces.
You paid 20 gold pieces to Gozag.

Inventory:

Hand Weapons
 a - a +0 war axe of venom (weapon)
Missiles
 o - 3 curare-tipped darts (quivered)
Armour
 b - a +0 scale mail
 c - a +1 buckler (worn)
 k - a +0 pair of boots (worn)
 m - a +0 chain mail (worn)
 p - a +1 pair of gloves (worn)
Jewellery
 q - a ring of ice
Wands
 j - a wand of flame (40)
 s - a wand of iceblast (7)
Scrolls
 e - a scroll of immolation
 f - 2 scrolls of noise
 l - 2 scrolls of revelation
 n - a scroll of teleportation
 u - 2 scrolls of fog
Potions
 d - a potion of might
 g - a potion of mutation
 h - a potion of brilliance
 i - a potion of cancellation
 t - a potion of haste {unknown}
 v - 2 potions of curing {unknown}


   Skills:
 + Level 5.8 Fighting
 + Level 5.5 Axes
 + Level 5.2 Armour
 + Level 5.2 Shields


You had 6 spell levels left.
You didn't know any spells.
Your spell library was empty.

Dungeon Overview and Level Annotations

Branches:
Dungeon (3/15)

Altars:
Ashenzari
Cheibriados
Dithmenos
Elyvilon
Gozag
Hepliaklqana
Kikubaaqudgha
Nemelex Xobeh
Qazlal
Uskayaw
Vehumet
Zin

Annotations:
D:3 1 transporter


Message History

Items here: ))) [.
You start removing your armour.
You continue taking off your +0 scale mail. x4
You finish taking off your +0 scale mail.
You start putting on your armour.
You continue putting on your +0 chain mail. x5
You finish putting on your +0 chain mail.
There is a transporter here.
You enter the transporter and appear at another place.
j - a wand of flame (40) (gained 20 charges)
You open the door.
The electric eel shoots out a bolt of lightning at you!
The bolt of electricity hits you! x2
There is an open door here.
You hit the electric eel.
The electric eel is poisoned.
The electric eel is lightly wounded.
You slash the electric eel!
The electric eel is poisoned.
The electric eel shoots out a bolt of lightning at you!
The bolt of electricity hits you!
You slash the electric eel!
You kill the electric eel!
You hear a splash.
You miss the electric eel.
The electric eel shoots out a bolt of lightning at you!
The bolt of electricity hits you! The bolt of electricity hits you.
You enter the shallow water.
Moving in this stuff is going to be slow.
The electric eel shoots out a bolt of lightning at you!
The bolt of electricity hits you. The bolt of electricity hits you!
* * * LOW HITPOINT WARNING * * *
The bolt of electricity hits the electric eel.
The electric eel completely resists.
You see here 7 gold pieces.
Your unstable footing causes you to fumble your attack.
The electric eel shoots out a bolt of lightning at you!
The bolt of electricity hits you!
* * * LOW HITPOINT WARNING * * *
The bolt of electricity hits you!
You die...
Your body crumbles into a pile of gold.

..######.# #..#P.!.P#..........#
...# #.# ##..###+###...........
#.## #.# #...#~~~P~#.....####..
#.# ##.###...#~~P~~#....####..#
#.#####........#~~~~~#.........##
...##....####..#~~⌠P~#.#.##......
...#..##.# ##..#~~~~~#.#..##..##.
.....###.# #...#S...~#.#.........
....## #.# #...#@...~#....##..#..
...## ##.###...###'###....##....#
...# ##...##...#P...P#....##....#
...# #.........#8.©.8#........#..
...# #.....)...#######........##.
...# #............©...........##.
#### #........................##.
##.................###......
##.................# #....#.


You could see an electric eel (very poisoned).

Vanquished Creatures
  Sigmund (D:2)
  An ice beast (D:3)
  An electric eel (D:3)
  A hound (D:3)
  Jessica (D:2)
  Ijyb (D:3)
  Natasha (twice) (D:2)
  Terence (D:3)
  An orc wizard (D:3)
  3 adders (D:2)
  A dart slug (D:3)
  7 orcs (D:3)
  2 endoplasms (D:1)
  4 giant cockroaches
  6 goblins
  5 hobgoblins
  4 kobolds
  2 quokkas
  A ball python (D:3)
  3 bats (D:1)
  2 frilled lizards
  2 rats
52 creatures vanquished.

Notes
Turn   | Place    | Note
-------+----------+-------------------------------------------
     0 | D:1      | p00ps00p the Hill Orc Fighter began the quest for the Orb.
     0 | D:1      | Reached XP level 1. HP: 19/19 MP: 1/1
   122 | D:1      | Reached XP level 2. HP: 25/27 MP: 2/2
   466 | D:2      | Noticed Jessica
   474 | D:2      | Killed Jessica
   475 | D:2      | Reached XP level 3. HP: 32/33 MP: 3/3
   516 | D:2      | Noticed Sigmund
   521 | D:2      | Killed Sigmund
   522 | D:2      | Reached XP level 4. HP: 32/41 MP: 4/4
   522 | D:2      | Reached XP level 5. HP: 37/47 MP: 5/5
   912 | D:2      | Reached skill level 5 in Fighting
   943 | D:2      | Noticed Natasha
   953 | D:2      | Killed Natasha
   954 | D:2      | Reached XP level 6. HP: 53/56 MP: 6/6
  1160 | D:2      | Noticed Natasha
  1170 | D:2      | Killed Natasha
  1344 | D:3      | Found a hide-covered altar of Uskayaw.
  1347 | D:3      | Found an ancient bone altar of Kikubaaqudgha.
  1347 | D:3      | Found a shadowy altar of Dithmenos.
  1348 | D:3      | Found a glowing silver altar of Zin.
  1349 | D:3      | Found a snail-covered altar of Cheibriados.
  1349 | D:3      | Found a sparkling altar of Nemelex Xobeh.
  1349 | D:3      | Found a stormy altar of Qazlal.
  1349 | D:3      | Found an opulent altar of Gozag.
  1349 | D:3      | Found a radiant altar of Vehumet.
  1349 | D:3      | Noticed Terence
  1351 | D:3      | Found a broken altar of Ashenzari.
  1351 | D:3      | Found a hazy altar of Hepliaklqana.
  1351 | D:3      | Found a white marble altar of Elyvilon.
  1359 | D:3      | Killed Terence
  1377 | D:3      | Became a worshipper of Gozag Ym Sagoz the Greedy
  1431 | D:3      | Found a transporter.
  1454 | D:3      | Found a transporter.
  1464 | D:3      | Noticed an ice beast
  1487 | D:3      | Killed an ice beast
  1488 | D:3      | Reached skill level 5 in Axes
  1488 | D:3      | Reached skill level 5 in Armour
  1600 | D:3      | Reached skill level 5 in Shields
  1606 | D:3      | Reached XP level 7. HP: 54/61 MP: 7/7
  1690 | D:3      | Noticed Ijyb
  1699 | D:3      | Killed Ijyb
  2309 | D:3      | Killed from afar by an electric eel

Illustrated notes

Levels and vault maps discovered:
D:1:      lightli_arrival_chessboard, layout_basic, minmay_misc_feat_rows
D:2:      layout_loops_ring, uniq_jessica, uniq_natasha, uniq_sigmund
D:3:      gammafunk_steamed_eel, layout_rooms, nicolae_overflows_in_rows,
          corexii_hall_statues_t, uniq_terence, uniq_ijyb

Skill      XL: |  1  2  3  4  5  6 |
---------------+-------------------+-----
Axes           | 3 4 5 |  5.5
Fighting       | 4 5 |  5.8
Armour         | 4 5 |  5.2
Shields        | 4 5 |  5.2

Action                     |  1- 3 |  4- 6 |  7- 9 || total
---------------------------+-------+-------+-------++-------
  Melee: War axe           |    44 |   102 |    26 ||   172
         Unarmed           |       |    22 |       ||    22
    Use: Scroll            |     5 |     5 |     4 ||    14
 Armour: Scale mail        |    30 |    83 |    13 ||   126
         Skin              |       |     8 |       ||     8
         Chain mail        |       |       |     9 ||     9
  Dodge: Dodged            |    15 |    64 |     9 ||    88
  Block: Buckler           |    15 |    25 |     7 ||    47

Table legend: (Time is in decaauts)
 A = Elapsed time spent in this place.
 B = Non-inter-level travel time spent in this place.
 C = Inter-level travel time spent in this place.
 D = Time resting spent in this place.
 E = Time spent auto-exploring this place.
 F = Levels seen in this place.
 G = Mean time per level.
                   A        B        C        D        E       F      G
               +--------+--------+--------+--------+--------+-----+--------+
         Total |   2358 |   2208 |    150 |    314 |   1366 |   3 |  786.0 |
       Dungeon |   2358 |   2208 |    150 |    314 |   1366 |   3 |  786.0 |
               +--------+--------+--------+--------+--------+-----+--------+

Top non-repeatable levels by time:
     D:3: 999 daAuts
     D:2: 902 daAuts
     D:1: 456 daAuts
